 Dungeon Crawl Stone Soup version 0.30.0-18-gf1372a6a44 (webtiles) character file.

Game seed: 13431759401486295614

149 qw the Chopper (level 5, 0/32 HPs)
             Began as a Gargoyle Fighter on May 21, 2023.
             Slain by an iron imp (4 damage)
             ... summoned by Eustachio
             ... on level 4 of the Dungeon.
             The game lasted 00:01:28 (2624 turns).

qw the Chopper (Gargoyle Fighter)                   Turns: 2624, Time: 00:01:28

Health: 0/32       AC: 10    Str: 22    XL:     5   Next: 31%
Magic:  5/5        EV: 10    Int:  8    God:
Gold:   146        SH:  5    Dex: 15    Spells: 4/4 levels left

rFire   . . .        Y - +0 war axe
rCold   . . .        c - +0 buckler
rNeg    + . .        b - +0 scale mail
rPois   inf          (no helmet)
rElec   +            (no cloak)
rCorr   .            (no gloves)
SInv    .            (no boots)
Will    .....        (no amulet) Stlth
                     m - +6 ring of dexterity
HPRegen 0.25/turn    (no ring)
MPRegen 0.09/turn

%: no passive effects
@: no status effects
A: sickness immunity, AC +4, negative energy resistance 1, electricity
resistance, torment resistance 1, petrification resistance
a: no special abilities


You were on level 4 of the Dungeon.
You visited 1 branch of the dungeon, and saw 4 of its levels.

You collected 198 gold pieces.
You spent 52 gold pieces at shops.


Innate Abilities, Weirdness & Mutations

You are immune to sickness and miasma.
Your stone body is resilient. (AC +4)
You are immune to poison.
You resist negative energy. (rN+)
You are resistant to electric shocks. (rElec)
You are resistant to unholy torment.
You are immune to petrification.


   Skills:
 - Level 3.2 Fighting
 + Level 4.6 Axes
 - Level 3.2 Armour
 - Level 1.0 Dodging
 - Level 3.2 Shields


You had 4 spell levels left.
You didn't know any spells.
Your spell library was empty.

Inventory:

Hand Weapons
 l - a +0 club
 Y - a +0 war axe (weapon)
Missiles
 i - 3 boomerangs (quivered)
Armour
 b - a +0 scale mail (worn)
 c - a +0 buckler (worn)
Jewellery
 m - a +6 ring of dexterity (left hand)
Scrolls
 a - a scroll of identify
Potions
 d - a potion of might
 f - a potion of degeneration {unknown}
 g - a potion of cancellation {unknown}
 j - 2 potions of mutation
 k - a potion of brilliance {unknown}

Dungeon Overview and Level Annotations

Branches:
Dungeon (4/15)
 Temple: D:4-7

Altars:

Shops:
D:2 ?

Annotations:
D:4 Eustachio


Message History

Eustachio blinks!
The bat hits you but does no damage.
You hit the bat.
You kill the bat!
The bat's corpse disappears in a puff of smoke!
You closely miss Eustachio. Eustachio hits you with a +0 falchion.
The iron imp hits you!
You miss Eustachio. You closely miss the iron imp. Eustachio barely misses you.
The iron imp closely misses you.
You barely miss Eustachio. You barely miss the iron imp.
Eustachio gestures wildly while chanting.
The iron imp completely misses you.
You barely miss Eustachio. You barely miss the iron imp.
Eustachio hits you but does no damage.
Eustachio zaps a wand.
The puff of flame hits you but does no damage.
You barely miss Eustachio. You slash the iron imp!
The iron imp hits you but does no damage.
You block Eustachio's attack.
The iron imp hits you but does no damage.
You closely miss the iron imp.
The iron imp is severely wounded.
You hit the iron imp. You hit Eustachio.
Eustachio zaps a wand.
The puff of flame hits you! The iron imp hits you.
The iron imp closely misses you.
You closely miss the iron imp.
The iron imp is severely wounded.
You slash the iron imp! You hit Eustachio. You block Eustachio's attack.
The iron imp misses you. Eustachio closely misses you. The iron imp hits you.
You closely miss the iron imp.
The iron imp is severely wounded.
You hit the iron imp but do no damage. You closely miss Eustachio.
Eustachio barely misses you. The iron imp completely misses you.
The iron imp barely misses you.
You slash the iron imp!
You kill the iron imp!
The iron imp disappears in a puff of smoke!
You closely miss the iron imp. You closely miss Eustachio.
Eustachio twirls his moustache.
Eustachio hits you but does no damage. The iron imp hits you.
You die...

...[.####
........#####
.......?....
...........
..........
.........
.......5#
.......@#
......ยค@##
.......<.#
.........#
..........#
###.......#
##.......
##......#
...#...#


You could see Eustachio and an iron imp (summoned).

Vanquished Creatures
  An orc priest (D:3)
  An orc wizard (D:3)
  2 adders (D:3)
  A worm (D:3)
  2 dart slugs (D:2)
  2 orcs (D:3)
  3 ball pythons
  9 endoplasms
  3 giant cockroaches
  5 goblins
  7 hobgoblins
  3 jackals (D:1)
  5 kobolds
  3 quokkas
  5 bats
  10 frilled lizards
  6 rats
68 creatures vanquished.

Notes
Turn   | Place    | Note
-------+----------+-------------------------------------------
     0 | D:1      | qw the Gargoyle Fighter began the quest for the Orb.
     0 | D:1      | Reached XP level 1. HP: 14/14 MP: 1/1
     0 | D:1      | 0 ||| qw: Version: 0.2-a-98-g16b38d9
     0 | D:1      | 0 ||| qw: Game counter: 14
     0 | D:1      | 0 ||| qw: Always use a shield: true
     0 | D:1      | 0 ||| qw: God list: Okawaru
     0 | D:1      | 0 ||| qw: Allow faded altars: false
     0 | D:1      | 0 ||| qw: Do Orc after D:15 true
     0 | D:1      | 0 ||| qw: Do second Lair branch before Depths: true
     0 | D:1      | 0 ||| qw: Lair rune preference: random
     0 | D:1      | 0 ||| qw: Plans: Normal, Zot:1-4, God:TSO, Crypt, Tomb,
                  | Pan, Slime:5, Hells, Abyss, Win
     0 | D:1      | 0 ||| PLANNING D:1-11
   216 | D:1      | Reached skill level 2 in Axes
   337 | D:1      | Reached XP level 2. HP: 19/19 MP: 2/2
   338 | D:1      | 338 ||| Stepping ~*~*~tactically~*~*~ (stealth).
   466 | D:1      | Found a faded altar of an unknown god.
   702 | D:1      | 702 ||| Stepping ~*~*~tactically~*~*~ (stealth).
   714 | D:1      | Reached skill level 3 in Axes
   719 | D:1      | Reached XP level 3. HP: 23/23 MP: 3/3
   916 | D:1      | 916 ||| UPGRADING to +6 ring of dexterity.
   917 | D:1      | 917 ||| READING scroll labelled VEAN MEFOAC.
   918 | D:1      | 918 ||| READING scroll labelled VUEFUVVOVY.
   919 | D:1      | 919 ||| READING 2 scrolls labelled QUUR RIUDAFF.
   920 | D:1      | 920 ||| READING scroll labelled LITIXONEAPN.
   921 | D:1      | 921 ||| DROPPING scroll of magic mapping.
   993 | D:2      | Found Ocekhail's Magic Scroll Emporium.
  1046 | D:2      | 1046 ||| SHOPLISTING scroll of acquirement (676 gold, have
                  | 90).
  1046 | D:2      | 1046 ||| BUYING scroll of identify (26 gold).
  1046 | D:2      | Bought a scroll of identify for 26 gold pieces
  1046 | D:2      | 1046 ||| BUYING scroll of identify (26 gold).
  1046 | D:2      | Bought a scroll of identify for 26 gold pieces
  1046 | D:2      | 1046 ||| SHOPLISTING scroll of teleportation (39 gold, have
                  | 38).
  1103 | D:2      | 1103 ||| READING 2 scrolls of identify.
  1103 | D:2      | 1103 ||| IDENTIFYING grey potion
  1309 | D:2      | 1309 ||| Stepping ~*~*~tactically~*~*~ (hiding).
  1497 | D:2      | 1497 ||| READING 3 scrolls of identify.
  1497 | D:2      | 1497 ||| IDENTIFYING red potion
  1498 | D:2      | 1498 ||| READING 2 scrolls of identify.
  1498 | D:2      | 1498 ||| IDENTIFYING clear potion
  1499 | D:2      | 1499 ||| DROPPING potion of invisibility.
  1572 | D:2      | 1572 ||| Stepping ~*~*~tactically~*~*~ (stealth).
  1657 | D:2      | Reached skill level 1 in Dodging
  1677 | D:2      | 1677 ||| Stepping ~*~*~tactically~*~*~ (hiding).
  2010 | D:2      | 2010 ||| READING scroll labelled TYDGHY FELY.
  2011 | D:2      | 2011 ||| READING scroll labelled LITIYW ALL.
  2012 | D:2      | 2012 ||| READING scroll labelled WUHAEN KUSAMYLYPH.
  2054 | D:3      | 2054 ||| Stepping ~*~*~tactically~*~*~ (stealth).
  2073 | D:3      | Reached XP level 4. HP: 28/28 MP: 4/4
  2262 | D:3      | 2262 ||| Stepping ~*~*~tactically~*~*~ (stealth).
  2361 | D:3      | 2361 ||| Stepping ~*~*~tactically~*~*~ (hiding).
  2362 | D:3      | 2362 ||| Stepping ~*~*~tactically~*~*~ (hiding).
  2363 | D:3      | 2363 ||| Stepping ~*~*~tactically~*~*~ (hiding).
  2364 | D:3      | 2364 ||| Stepping ~*~*~tactically~*~*~ (hiding).
  2370 | D:3      | Reached skill level 4 in Axes
  2377 | D:3      | 2377 ||| DRINKING potion of curing.
  2377 | D:3      | 2377 ||| (to cure confusion)
  2392 | D:3      | Reached XP level 5. HP: 12/32 MP: 5/5
  2609 | D:4      | Noticed Eustachio
  2621 | D:4      | HP: 6/32 [iron imp[Eustachio] (5)]
  2624 | D:4      | Slain by an iron imp

Levels and vault maps discovered:
D:1:      evilmike_arrival_rings, layout_basic,
          shapermc_ecumenical_altar_mp_ritualfount, corner_web_ring,
          minmay_indecisive_spiral
D:2:      kb_forest_paths, layout_loops_ring, serial_shops,
          nicolae_shop_window_shopping, chequers_big_river
D:3:      layout_rooms, wander_ebering_terrifying_dragon_lair
D:4:      layout_layer_cave, xom_butterflies, kennysheep_mini_moat,
          minmay_temple_entry_mini_moons, uniq_blork_the_orc, uniq_sigmund,
          uniq_eustachio, uniq_ijyb

Skill      XL: |  1  2  3  4 |
---------------+-------------+-----
Axes           | 2 3 4 |  4.6
Dodging        | 1 |  1.0
Fighting       | |  3.2
Armour         | |  3.2
Shields        | |  3.2

Action                     |  1- 3 |  4- 6 || total
---------------------------+-------+-------++-------
  Melee: War axe           |   135 |    62 ||   197
  Throw: Boomerang         |    10 |    21 ||    31
    Use: Scroll            |    10 |       ||    10
         Potion            |       |     1 ||     1
 Armour: Scale mail        |    47 |    31 ||    78
  Dodge: Dodged            |    45 |    31 ||    76
  Block: Buckler           |    18 |     7 ||    25

Table legend:
 A = Non-vault XP
 B = Vault XP
 C = Vault XP percentage of total XP
 D = Non-vault monster count
 E = Vault monster count
 F = Vault count percentage of total count
                 A         B        C        D         E       F
            +---------+---------+-------+---------+---------+-------
      Total |     195 |      19 |   8.9 |      56 |      11 |  16.4
            +---------+---------+-------+---------+---------+-------
        D:1 |      34 |       7 |  17.1 |      20 |       4 |  16.7
        D:2 |      22 |      11 |  33.3 |      11 |       6 |  35.3
        D:3 |     139 |       1 |   0.7 |      25 |       1 |   3.8
            +---------+---------+-------+---------+---------+-------
